 Dungeon Crawl Stone Soup version 0.21-a0-154-gb5400c9 (webtiles) character file.

125 Goblin1989 the Sneak (level 4, 0/35 HPs)
             Began as a Demonspawn Assassin on Aug 2, 2017.
             Slain by an ice beast (12 damage)
             ... on level 3 of the Dungeon.
             The game lasted 00:09:12 (2992 turns).

Goblin1989 the Sneak (Demonspawn Assassin)          Turns: 2992, Time: 00:09:12

Health: 0/35       AC:  3    Str: 12    XL:     4   Next: 82%
Magic:  4/4        EV: 14    Int: 12    God:
Gold:   93         SH:  3    Dex: 15    Spells: 3/3 levels left

rFire    . . .     SeeInvis .   w - +0 blowgun {@w1}
rCold    . . .     Gourm    .   N - +0 buckler
rNeg     . . .     Faith    .   c - +0 robe
rPois    .         Spirit   .   (no helmet)
rElec    .         Reflect  .   d - +0 cloak
rCorr    .         Harm     .   (no gloves)
MR       .....                  (no boots)
Stlth    +++.......             (no amulet)
HPRegen  0.11/turn              Q - +4 ring of evasion
MPRegen  0.09/turn              (no ring)

@: heavily drained
A: nightstalker 1, powered by death 1
a: no special abilities


You were on level 3 of the Dungeon.
You were not hungry.

You visited 1 branch of the dungeon, and saw 3 of its levels.

You collected 93 gold pieces.

Inventory:

Hand Weapons
 a - a +2 dagger
 w - a +0 blowgun (weapon) {@w1}
Missiles
 f - a curare-tipped needle (quivered)
 g - 7 poisoned needles
Armour
 c - a +0 robe (worn)
 d - a +0 cloak (worn)
 N - a +0 buckler (worn)
Jewellery
 Q - a +4 ring of evasion (left hand)
Scrolls
 y - 4 scrolls of identify {unknown}
 z - a scroll of enchant weapon {unknown}
 A - 2 scrolls of teleportation {unknown}
 D - a scroll of blinking {unknown}
 F - a scroll of fog {unknown}
 G - 2 scrolls of amnesia {unknown}
 J - a scroll of random uselessness {unknown}
 P - a scroll of enchant armour {unknown}
Potions
 x - 2 potions of curing {unknown}
 B - 4 potions of cancellation {unknown}
 H - 2 potions of invisibility {unknown}
 M - a potion of heal wounds {unknown}
 R - 2 potions of agility {unknown}
Comestibles
 e - 2 bread rations {@e1}
 E - 4 fruits
 L - a meat ration {@e2}
 O - a chunk of flesh


   Skills:
 + Level 3.2(1.9) Fighting
 * Level 3.3(2.0) Short Blades
 - Level 1.7(0.5) Throwing
 + Level 1.5(0.2) Dodging
 + Level 4.0(2.6) Stealth
 + Level 0.0 Shields


You had 3 spell levels left.
You didn't know any spells.

Dungeon Overview and Level Annotations

Branches:
Dungeon (3/15)

Altars:
Makhleb
Sif Muna


Innate Abilities, Weirdness & Mutations

You are slightly more attuned to the shadows.
You regenerate a little health from kills.


Message History

You feel sick.
R - 2 brown potions You take 1 damage, and have 34/35 hp.
You feel sick.
You feel sick.
You feel sick.
You feel sick.
You feel sick.
You are no longer poisoned.
A bat comes into view.
The bat moves out of view.
Health restored: 35 A bat is nearby!
The bat closely misses you.
You closely miss the bat. The bat barely misses you.
The bat hits you but does no damage.
You barely miss the bat. The bat completely misses you.
You hit the bat but do no damage. The bat hits you but does no damage.
The bat completely misses you. The bat hits you.
You take 1 damage, and have 34/35 hp.
You barely miss the bat. The bat completely misses you.
You miss the bat. The bat barely misses you.
You closely miss the bat. The bat hits you. The bat closely misses you.
You take 1 damage, and have 33/35 hp.
You barely miss the bat. The bat misses you.
You closely miss the bat. The bat hits you.
You take 1 damage, and have 32/35 hp.
No target in view!
No target in view!
No target in view!
No target in view!
No target in view!
No target in view!
No target in view!
No target in view!
No target in view!
No target in view!
No target in view!
No target in view!
No target in view!
No target in view!
No target in view!
No target in view!
No target in view!
No target in view!
No target in view!
You hit the bat.
You kill the bat!
You regained 2 hp, and now have 34/35 hp.
No target in view!
No target in view!
No target in view!
No target in view!
No target in view!
No target in view!
No target in view!
No target in view!
No target in view!
No target in view!
No target in view!
Eating one of 3 chunks of flesh.
You eat one of the 3 chunks of flesh.
This raw flesh tastes terrible.
Key pressed, stopping explore.
No target in view!
Health restored: 35 No target in view!
No target in view!
No target in view!
No target in view!
No target in view!
No target in view!
No target in view!
An ice beast comes into view.
The helpless ice beast fails to defend itself.
You puncture the ice beast!
The ice beast is heavily wounded.
The ice beast closely misses you.
You hit the ice beast.
The ice beast is heavily wounded.
The ice beast hits you. The ice beast freezes you!
You take 10 damage, and have 25/35 hp.
MASSIVE DAMAGE!!
You hit the ice beast.
The ice beast is severely wounded.
The ice beast hits you. The ice beast freezes you!
* * * LOW HITPOINT WARNING * * *
You take 12 damage, and have 13/35 hp.
MASSIVE DAMAGE!!
You are too injured to fight recklessly!
The ice beast misses you.
Some of the chunks of flesh in your inventory have rotted away.
Wield which item (- for none, * to show all)? (? for menu, Esc to quit)
w - a +0 blowgun (weapon)
{@w1} Firing (i - inventory. (,) - cycle):
f - 2 curare-tipped needles (quivered)
Press: ? - help, Shift-Dir - straight line, f - ice beast
Aim: an ice beast (severely wounded)
You shoot a curare-tipped needle.
The curare-tipped needle barely misses the ice beast.
The ice beast hits you.
* * * LOW HITPOINT WARNING * * *
The ice beast freezes you!
You die...

.......█.██.██████████████.█
.........██.█ █.█ .......███..█
█.█ .......███..█ █.█
............█ █.█ ........█..██
██.█ ........█..██ ████..█████
..█.........██████ █..........█
..█.█....(....Y@.████..........█
..............█...............█
.█...████.....................█
.█.████.████.............?..█
...........................█
█.█......██>...............█
.......████...........
............███.██.█████
...█...████.█ █........█


You could see an ice beast.

Vanquished Creatures
  5 adders
  2 worms (D:2)
  A dart slug (D:3)
  An orc (D:3)
  3 giant cockroaches
  5 goblins
  12 hobgoblins
  6 jackals
  6 kobolds
  2 quokkas (D:2)
  12 bats
  15 rats
70 creatures vanquished.

Notes
Turn   | Place    | Note
-------+----------+-------------------------------------------
     0 | D:1      | Goblin1989 the Demonspawn Assassin began the quest for the Orb.
     0 | D:1      | Reached XP level 1. HP: 16/16 MP: 1/1
    88 | D:1      | Gained mutation: You are slightly more attuned to the shadows. [demonic ancestry]
    88 | D:1      | Reached XP level 2. HP: 9/23 MP: 2/2
   953 | D:1      | Reached XP level 3. HP: 9/28 MP: 3/3
  1659 | D:1      | Reached skill level 1 in Dodging
  1861 | D:2      | Gained mutation: You regenerate a little health from kills. [demonic ancestry]
  1861 | D:2      | Reached XP level 4. HP: 21/35 MP: 4/4
  2181 | D:2      | Found a burning altar of Makhleb.
  2468 | D:2      | Found a deep blue altar of Sif Muna.
  2835 | D:3      | Reached skill level 4 in Stealth
  2953 | D:3      | Noticed an ice beast
  2992 | D:3      | Slain by an ice beast

Vault maps used:
D:1:      eino_arrival_water_star
D:2:      old_standard_altar, marbit_many_paths
D:3:      minmay_roachtagon, uniq_crazy_yiuf_cottage

Skill      XL: |  1  2  3  4 |
---------------+-------------+-----
Short Blades   | 2 3 |  3.3
Dodging        | 1 |  1.5
Fighting       | 3 |  3.2
Stealth        | 4 |  4.0
Throwing       | |  1.7

Action                   |  1- 3 |  4- 6 || total
-------------------------+-------+-------++-------
Melee: Dagger            |   141 |    84 ||   225
 Fire: Blowgun           |    11 |     1 ||    12
 Stab: Sleeping          |     8 |    10 ||    18
       Distracted        |     1 |       ||     1
  Eat: Chunk             |     3 |     4 ||     7
Armor: Robe              |    36 |    16 ||    52
Dodge: Dodged            |    87 |    45 ||   132
Block: Buckler           |       |     4 ||     4

Vault maps used:
D:1:      eino_arrival_water_star
D:2:      old_standard_altar, marbit_many_paths
D:3:      minmay_roachtagon, uniq_crazy_yiuf_cottage
